Map: [ESL] Hard Lead

Players

LiquidClem (Clem) - Winner!

  • Race: Terran Terran
  • League: Grandmaster
  • Spawn Location: 5:00

Serral

  • Race: Zerg Zerg
  • Spawn Location: 11:00

Event: HomeStory Cup XXIV

VOD

Have the link to the VOD?

Description

Time

  • Played on: Dec. 3, 2023, 6:53 p.m.
  • Length: 19:50

All games in this series

Show
View Real Time Build Order
Export as new Build Order

LiquidClem Terran - Winner!

Build Orders: Liberator Opening, Reaper Expand 

Get SALT Encoding   

  12  0:00  SCV  
  13  0:12  SCV  
  14  0:16  Supply Depot  
  14  0:24  SCV  
  15  0:38  Barracks, SCV  
  15  0:42  Refinery  
  16  0:50  SCV  
  17  1:02  SCV  
  18  1:14  SCV  
  19  1:25  Reaper  
  19  1:26  Orbital Command  
  20  1:37  Command Center  
  20  1:46  Supply Depot  
  20  1:52  SCV  
  21  1:57  Marine  
  22  2:04  SCV  
  23  2:09  Factory  
  23  2:16  SCV  
  23  2:20  Barracks Reactor  
  24  2:28  SCV  
  25  2:36  Command Center  
  25  2:40  SCV  
  26  2:49  Orbital Command  
  26  2:52  SCV  
  26  2:57  Starport  
  27  3:03  Refinery  
  27  3:04  SCV  
  28  3:09  Hellion  
  30  3:13  Hellion  
  30  3:15  SCV  
  30  3:17  Marine  
  34  3:21  SCV  
  35  3:27  SCV  
  35  3:33  Hellion, SCV  
  39  3:35  Hellion  
  39  3:38  Liberator  
  44  3:42  SCV  
  44  3:44  Barracks Tech Lab  
  44  3:45  SCV  
  46  3:51  Orbital Command  
  46  3:54  SCV  
  47  3:57  SCV  
  47  3:58  Hellion  
  47  4:00  Hellion  
  52  4:03  Supply Depot  
  52  4:07  SCV  
  52  4:08  Stimpack  
  53  4:11  SCV  
  53  4:14  Barracks  
  53  4:16  SCV  
  55  4:19  SCV  
  55  4:23  Barracks  
  56  4:24  SCV  
  56  4:25  Starport Reactor  
  56  4:29  Factory Tech Lab, Marine  
  56  4:30  SCV  
  59  4:32  Supply Depot  
  59  4:35  SCV  
  60  4:39  SCV  
  60  4:41  Engineering Bay x2  
  60  4:42  SCV  
  60  4:45  Refinery  
  62  4:47  SCV  
  62  4:48  Marine  
  62  4:51  Siege Tank  
  62  4:52  SCV  
  68  4:55  SCV  
  68  4:59  Supply Depot  
  69  5:00  SCV, Refinery  
  69  5:04  SCV  
  71  5:08  Orbital Command  
  71  5:09  Starport Reactor  
  71  5:10  Marine x3  
  71  5:11  Marine x2  
  71  5:13  SCV  
  77  5:16  Supply Depot  
  77  5:18  Terran Infantry Armor Level 1  
  77  5:20  Terran Infantry Weapons Level 1  
  77  5:21  SCV  
  78  5:25  SCV  
  78  5:26  Supply Depot  
  78  5:28  Marine x2  
  81  5:29  Marine x2  
  81  5:30  Marine  
  81  5:33  SCV  
  85  5:37  SCV  
  85  5:38  SCV  
  90  5:44  Barracks  
  90  5:45  SCV, Medivac x2  
  90  5:47  Barracks  
  90  5:48  Marine  
  93  5:50  Combat Shield  
  93  5:52  SCV  
  93  5:53  SCV  
  93  5:56  Marine, Supply Depot  
  96  5:57  Marine  
  96  5:59  Marine x2  
  96  6:02  SCV  
  100  6:04  Supply Depot  
  100  6:05  SCV  
  101  6:15  Armory  
  101  6:17  Marine x3  
  101  6:18  Siege Tank, SCV, Refinery  
  108  6:24  Factory  
  108  6:26  Marine  
  108  6:27  Marine, Supply Depot  
  110  6:32  Supply Depot  
  110  6:33  Barracks Reactor  
  110  6:35  Barracks Reactor, Marine x2, SCV x3  
  115  6:40  Medivac  
  115  6:41  Supply Depot  
  117  6:48  SCV, Marine x2  
  117  6:49  Command Center  
  117  6:53  Siege Tank  
  123  6:58  Medivac  
  123  6:59  Marine  
  125  7:01  Marine  
  125  7:02  Marine  
  125  7:06  Marine x2  
  129  7:09  Factory Reactor  
  129  7:10  Marine  
  129  7:11  Marine x3  
  129  7:14  SCV  
  129  7:15  SCV  
  134  7:20  Marine x2  
  134  7:21  SCV  
  134  7:22  Marine  
  136  7:27  Siege Tank, Medivac  
  141  7:31  Marine  
  141  7:32  Marine x5  
  141  7:34  Terran Infantry Weapons Level 2  
  141  7:38  Supply Depot  
  141  7:42  Refinery  
  141  7:46  Drilling Claws  
  141  7:53  Barracks  
  141  7:54  Barracks  
  141  7:56  Barracks  
  141  7:59  SCV x3, Marine x5  
  141  8:00  Supply Depot  
  141  8:01  Widow Mine x2  
  141  8:03  Widow Mine  
  155  8:06  Marine x3, Medivac x2  
  155  8:08  Marine  
  155  8:11  SCV  
  163  8:16  Terran Infantry Armor Level 2  
  163  8:17  Marine x2  
  164  8:21  SCV x2, Marine x2  
  164  8:22  Widow Mine x2  
  172  8:38  Planetary Fortress  
  172  8:39  SCV  
  172  8:41  SCV x2, Marine x3  
  172  8:42  Marine, Widow Mine  
  172  8:43  Marine x5  
  172  8:44  Widow Mine  
  172  8:45  Widow Mine  
  159  8:52  SCV  
  159  8:53  SCV x2  
  156  8:58  Barracks Tech Lab x2, Marine  
  156  8:59  Barracks Tech Lab, Marine x3, Concussive Shells  
  156  9:00  Marine x5  
  162  9:03  Widow Mine  
  162  9:04  SCV  
  162  9:05  Sensor Tower  
  162  9:06  Widow Mine x2  
  169  9:13  Liberator  
  172  9:18  Marine x4  
  172  9:26  Supply Depot  
  172  9:27  Marine x2  
  172  9:28  Widow Mine x3  
  180  9:32  Supply Depot  
  180  9:34  Medivac, Marine  
  180  9:35  Marauder  
  168  9:39  Marine  
  168  9:40  Marine x4  
  168  9:41  Marauder x2, Marine  
  168  9:45  Marine  
  166  9:46  Marauder  
  166  9:49  Widow Mine x3  
  166  9:51  Marine  
  171  9:54  Command Center, SCV  
  171  9:55  SCV x2  
  171  9:56  SCV, Medivac  
  177  10:06  SCV  
  178  10:10  Widow Mine x3  
  178  10:12  Medivac  
  186  10:15  Marauder  
  186  10:17  Marine, Marauder  
  185  10:21  Command Center  
  185  10:22  Refinery x2  
  185  10:27  Marauder  
  176  10:28  Marine  
  176  10:30  Marine  
  176  10:31  Marauder, Marine x2  
  176  10:32  Widow Mine  
  176  10:33  Widow Mine, Marine  
  176  10:34  Marine x2  
  182  10:36  Marauder  
  182  10:37  Terran Infantry Weapons Level 3  
  182  10:40  Terran Infantry Armor Level 3  
  184  10:44  Marauder  
  184  10:49  Marauder  
  184  10:54  Liberator  
  185  10:59  Marauder x2  
  185  11:01  Medivac, Marine x2  
  185  11:02  Widow Mine  
  190  11:05  Marine  
  190  11:06  Marine x2  
  190  11:07  Marine  
  190  11:09  Marine  
  190  11:10  Marine  
  179  11:14  Marauder  
  179  11:15  Widow Mine, Marine  
  182  11:21  Marine x2  
  182  11:23  Widow Mine, Marine  
  182  11:24  Marine x3  
  187  11:29  Terran Vehicle And Ship Armor Level 1  
  187  11:31  Medivac  
  191  11:33  Widow Mine  
  191  11:34  Sensor Tower, Marauder x2  
  191  11:35  Ghost Academy  
  191  11:37  Medivac  
  197  11:41  Widow Mine  
  197  11:45  Marine, Widow Mine  
  195  11:48  Marine x2  
  195  11:51  Marauder  
  195  11:56  Widow Mine, Marine  
  195  11:57  Planetary Fortress  
  195  11:59  Refinery  
  190  12:01  Medivac  
  190  12:03  Widow Mine  
  190  12:06  Marine x3  
  190  12:07  Widow Mine, Medivac  
  179  12:08  Marine  
  179  12:09  Marauder x2  
  179  12:12  Marauder  
  179  12:13  Marine x2  
  179  12:14  Marine  
  185  12:17  Widow Mine  
  185  12:19  Marine x2  
  177  12:24  Widow Mine, Marine x2  
  177  12:28  Widow Mine  
  177  12:29  Ghost x2  
  182  12:31  Medivac  
  182  12:32  Refinery  
  182  12:33  Ghost  
  182  12:34  Missile Turret  
  182  12:35  Orbital Command  
  182  12:36  Marine  
  191  12:37  Ghost, Missile Turret, Medivac  
  191  12:39  Widow Mine  
  194  12:49  Fusion Core  
  194  12:50  Starport  
  194  12:55  Widow Mine  
  194  12:58  Ghost  
  196  12:59  Ghost  
  196  13:01  Medivac  
  196  13:06  Widow Mine  
  196  13:07  Medivac  
  196  13:10  Widow Mine, Marine x3  
  196  13:11  Marine  
  199  13:16  Marine x3  
  199  13:17  Ghost x2, Marine, Widow Mine  
  200  13:22  Command Center  
  200  13:26  Marine  
  192  13:27  Medivac  
  192  13:31  Medivac  
  192  13:32  Widow Mine  
  198  13:37  Ghost  
  198  13:38  Marine x2, Widow Mine  
  198  13:39  SCV  
  198  13:44  Widow Mine, Medivac  
  200  13:53  Command Center  
  200  13:54  Command Center  
  200  13:55  Marauder, Marine x2  
  198  13:56  Sensor Tower  
  198  13:57  Missile Turret  
  198  14:01  Terran Vehicle And Ship Armor Level 2  
  200  14:15  Marine  
  197  14:17  Liberator  
  197  14:21  Marine  
  197  14:22  Marine  
  200  14:29  Ghost  
  200  14:30  Marine x2  
  200  14:31  Ghost  
  194  14:35  Ghost  
  194  14:37  Ghost  
  183  14:39  Widow Mine, Marine  
  183  14:42  Marine x2, Medivac x2  
  183  14:43  Widow Mine, Marine x3  
  186  14:48  Orbital Command  
  185  14:55  Marine  
  185  14:57  Ghost  
  185  14:59  Ghost  
  181  15:03  Ghost, Widow Mine  
  181  15:06  Liberator, Ghost  
  184  15:09  Widow Mine  
  184  15:13  SCV x2  
  184  15:14  SCV  
  184  15:15  SCV  
  184  15:16  SCV  
  184  15:17  Marine  
  184  15:20  SCV  
  184  15:21  SCV  
  185  15:23  Liberator  
  185  15:24  SCV  
  185  15:26  Ghost  
  185  15:28  Ghost, Marine, Widow Mine  
  193  15:32  Marine  
  200  15:37  Starport Reactor  
  200  15:38  Advanced Ballistics  
  193  15:44  Orbital Command  
  193  15:49  Liberator  
  198  15:50  Widow Mine  
  198  15:53  Personal Cloaking  
  198  15:55  Marauder  
  200  15:57  Neosteel Armor  
  200  16:06  Liberator  
  195  16:19  Widow Mine  
  195  16:21  Liberator  
  200  16:29  Marine x2  
  198  16:33  Widow Mine  
  200  16:51  Ghost  
  200  16:52  Caduceus Reactor, Widow Mine, Liberator  
  200  16:53  Ghost  
  194  16:54  Ghost  
  194  17:00  Widow Mine x2  
  198  17:02  Planetary Fortress  
  198  17:04  Starport  
  195  17:17  Medivac  
  195  17:18  Widow Mine  
  199  17:32  Sensor Tower  
  199  17:33  Missile Turret  
  199  17:39  Widow Mine  
  199  17:41  Liberator  
  200  17:52  Liberator x2  
  200  17:54  Ghost  
  192  18:00  Liberator, Widow Mine  
  192  18:02  Marine x5  
  200  18:10  SCV x2  
  200  18:11  Liberator  
  193  18:12  Widow Mine  
  193  18:13  Marauder  
  193  18:15  Ghost  
  193  18:16  Marine  
  193  18:17  Marine x2, Widow Mine  
  193  18:18  SCV  
  197  18:21  Widow Mine, Marine  
  200  18:32  Ghost x2  
  200  18:33  Marine  
  186  18:34  Liberator, Widow Mine  
  186  18:39  Liberator x2, Widow Mine  
  186  18:40  Ghost, Marine x3  
  186  18:41  Marine x3  
  197  18:43  Widow Mine  
  197  18:46  Command Center x2  
  200  18:55  Marauder  
  195  19:18  Missile Turret  
  195  19:19  Sensor Tower  
  195  19:20  Marine  
  195  19:21  Marauder x2  
Show
View Real Time Build Order
Export as new Build Order

Serral Zerg 

Build Orders: Hatch First, Lurkers 

Get SALT Encoding   

  12  0:00  Drone  
  13  0:12  Overlord  
  13  0:17  Drone  
  14  0:30  Drone x2  
  16  0:47  Hatchery  
  15  0:51  Drone  
  15  0:54  Drone  
  17  0:57  Drone  
  18  1:05  Extractor  
  17  1:13  Spawning Pool  
  17  1:15  Drone  
  17  1:19  Drone  
  18  1:27  Drone  
  19  1:38  Drone  
  20  1:49  Drone  
  21  2:00  Zergling x2, Queen x2  
  21  2:01  Zergling x2  
  27  2:06  Metabolic Boost  
  27  2:10  Overlord  
  27  2:11  Drone  
  28  2:28  Hatchery  
  27  2:31  Drone  
  27  2:34  Drone  
  28  2:39  Drone x2  
  30  2:44  Queen  
  30  2:50  Overlord  
  32  2:53  Drone  
  32  2:54  Drone  
  32  2:57  Drone  
  35  3:04  Overlord  
  35  3:09  Queen  
  35  3:10  Drone x2  
  39  3:15  Drone x2  
  39  3:17  Drone  
  42  3:27  Drone x2  
  42  3:31  Queen  
  45  3:36  Overlord  
  45  3:37  Zergling x2  
  45  3:40  Queen  
  48  3:42  Zergling x4  
  48  3:43  Drone x2  
  48  3:45  Zergling x2  
  53  3:49  Queen  
  53  3:52  Drone  
  53  3:53  Drone  
  57  4:00  Overlord  
  57  4:01  Zergling x2  
  57  4:02  Drone x2  
  60  4:05  Drone x2  
  60  4:06  Drone  
  63  4:11  Queen  
  63  4:15  Overlord  
  65  4:18  Drone x3  
  65  4:23  Queen  
  70  4:26  Drone, Spore Crawler  
  70  4:28  Drone x2  
  72  4:32  Drone x2  
  74  4:39  Lair  
  74  4:41  Drone x5  
  79  4:46  Extractor  
  79  4:47  Baneling Nest  
  79  4:48  Zergling x6  
  79  4:50  Zergling x2  
  79  4:52  Overlord  
  81  4:53  Drone  
  81  4:57  Overlord  
  82  5:01  Extractor  
  82  5:02  Overlord  
  82  5:05  Overlord  
  82  5:06  Drone  
  82  5:13  Drone x3  
  85  5:16  Drone  
  85  5:17  Hatchery  
  85  5:18  Drone x5  
  90  5:25  Drone  
  90  5:28  Extractor, Drone  
  91  5:30  Drone x4  
  91  5:32  Evolution Chamber x2  
  91  5:33  Zergling x2  
  91  5:34  Drone x2  
  96  5:39  Centrifugal Hooks  
  96  5:40  Drone x2  
  96  5:42  Drone  
  99  5:44  Overseer  
  99  5:51  Drone x2  
  99  5:52  Drone x3  
  104  6:01  Zerg Melee Weapons Level 1, Baneling x4, Zerg Ground Armor Level 1, Hatchery  
  104  6:02  Drone  
  104  6:03  Zergling x8  
  108  6:06  Zergling x2  
  109  6:11  Drone, Overlord  
  109  6:13  Zergling x4, Spore Crawler  
  109  6:15  Overseer  
  109  6:18  Zergling x4  
  113  6:23  Baneling x4  
  113  6:24  Zergling x2  
  114  6:26  Overlord x2  
  114  6:32  Zergling x2  
  114  6:33  Zergling x6  
  114  6:35  Queen  
  114  6:37  Drone  
  114  6:38  Overlord x2  
  120  6:40  Zergling x14  
  127  6:48  Baneling x10  
  127  6:50  Zergling x6  
  128  7:01  Zergling x10  
  128  7:08  Zergling x16  
  140  7:10  Overlord, Hatchery  
  140  7:14  Overlord  
  136  7:16  Zergling x12  
  130  7:23  Zergling x4  
  130  7:29  Zergling x8  
  127  7:34  Baneling  
  127  7:35  Zergling x6, Baneling x10  
  128  7:38  Zergling x12  
  128  7:40  Zergling x2  
  128  7:42  Baneling x2  
  135  7:46  Zergling x10  
  135  7:48  Queen  
  142  7:53  Hydralisk Den  
  142  7:54  Extractor x2  
  142  7:58  Drone x3  
  142  8:01  Zerg Missile Weapons Level 1, Zerg Ground Armor Level 2  
  142  8:03  Baneling x5, Queen  
  142  8:04  Drone x2  
  142  8:05  Drone  
  147  8:08  Zergling x18  
  147  8:09  Zergling x8  
  158  8:17  Zergling x12  
  158  8:18  Overlord  
  163  8:24  Zergling x4, Grooved Spines  
  165  8:33  Zergling x10  
  167  8:34  Baneling x3  
  167  8:40  Zergling x20  
  169  8:45  Zergling x14  
  147  8:49  Zergling x2  
  147  8:50  Zergling x2  
  147  8:52  Baneling x2  
  145  8:56  Drone  
  145  8:57  Hydralisk x3  
  145  9:00  Baneling x3  
  152  9:03  Hydralisk x4  
  152  9:06  Baneling x9  
  152  9:08  Hydralisk  
  161  9:10  Zergling x16  
  161  9:15  Muscular Augments  
  161  9:16  Zergling x6  
  168  9:19  Overseer  
  168  9:20  Baneling  
  168  9:21  Zergling x4, Baneling x4  
  163  9:28  Zergling x24  
  174  9:31  Zergling x2  
  153  9:38  Zergling x10  
  153  9:39  Zergling x10  
  153  9:45  Pneumatized Carapace, Baneling x3  
  158  9:47  Hydralisk x2  
  158  9:50  Infestation Pit  
  160  9:54  Drone  
  160  9:55  Drone x9  
  160  9:56  Baneling  
  160  9:57  Zergling x8, Baneling  
  174  10:00  Baneling  
  174  10:01  Baneling x8  
  174  10:03  Overseer  
  173  10:09  Zergling x16  
  173  10:11  Baneling x5  
  173  10:13  Zergling x6  
  177  10:20  Zergling x14  
  163  10:28  Zergling x8  
  163  10:32  Zergling x6  
  163  10:35  Baneling x5  
  163  10:36  Hive  
  163  10:38  Zergling x2, Overseer, Lurker Den  
  163  10:39  Zergling x10  
  163  10:40  Baneling x2  
  167  10:44  Zergling x4  
  167  10:46  Zergling x2  
  167  10:47  Zergling x4, Overseer  
  171  10:50  Overlord  
  171  10:51  Overlord  
  171  10:52  Baneling x6  
  171  10:55  Extractor  
  170  10:59  Zergling x8  
  161  11:06  Zergling x10  
  161  11:08  Zergling x2  
  157  11:12  Zergling x6  
  157  11:14  Baneling x6  
  157  11:16  Zergling x8  
  157  11:18  Infestor  
  162  11:23  Zergling x12  
  169  11:26  Overseer  
  169  11:27  Baneling x5  
  169  11:28  Zergling x2  
  169  11:29  Zergling x12  
  169  11:31  Extractor  
  175  11:37  Zergling x18  
  175  11:39  Zerg Melee Weapons Level 2, Zerg Missile Weapons Level 2  
  184  11:41  Baneling x3  
  184  11:45  Zergling x16  
  179  11:49  Lurker  
  179  11:50  Baneling x3  
  179  11:53  Zergling x20  
  185  11:57  Overseer  
  185  11:59  Baneling x4  
  170  12:05  Zergling x18  
  170  12:06  Zergling x4  
  162  12:17  Zergling x22  
  162  12:20  Zergling x12  
  174  12:28  Hydralisk x2  
  174  12:29  Zergling x16  
  183  12:37  Baneling  
  183  12:38  Baneling x5  
  183  12:39  Seismic Spines  
  177  12:45  Drone x3  
  177  12:47  Baneling x5  
  177  12:48  Zergling x16, Baneling  
  188  12:54  Overlord x2  
  187  12:58  Overlord  
  187  13:00  Baneling x5  
  178  13:07  Zergling x18  
  178  13:11  Baneling x11  
  185  13:16  Zergling x2  
  185  13:17  Zergling x8  
  174  13:26  Zergling x8  
  174  13:27  Zergling x14  
  159  13:30  Viper x2  
  159  13:39  Baneling x3  
  159  13:40  Zergling x18  
  161  13:49  Lurker x6, Baneling  
  161  13:51  Adaptive Talons  
  166  13:59  Drone, Hydralisk x6  
  179  14:03  Overseer  
  179  14:05  Overseer  
  179  14:08  Baneling x5  
  179  14:16  Zergling x20  
  179  14:17  Zergling x6  
  179  14:26  Zergling x10  
  179  14:31  Zergling x20  
  177  14:39  Hatchery  
  177  14:41  Zergling x8  
  177  14:42  Zergling x2  
  173  14:50  Baneling x17  
  173  14:53  Zergling x4  
  164  15:05  Zergling x24  
  166  15:12  Overseer  
  166  15:13  Infestor  
  166  15:14  Infestor  
  164  15:18  Zergling x6  
  164  15:19  Zergling x8  
  170  15:25  Zergling x10  
  171  15:35  Overseer, Overlord  
  170  15:36  Overlord  
  170  15:42  Zergling x16  
  174  15:43  Zergling x4  
  174  15:45  Overseer  
  174  15:48  Overlord x2  
  176  15:52  Adrenal Glands  
  176  15:58  Burrow  
  176  16:02  Hydralisk x3, Baneling x3  
  182  16:09  Zerg Ground Armor Level 3  
  180  16:18  Hydralisk x6  
  179  16:27  Zerg Missile Weapons Level 3  
  179  16:32  Zergling x22  
  186  16:38  Hydralisk x4  
  192  16:43  Baneling x9  
  192  16:54  Zergling x4, Hydralisk x5  
  178  16:55  Zergling x2  
  186  17:05  Zergling x20  
  193  17:11  Infestor  
  193  17:13  Baneling x6  
  195  17:16  Infestor  
  195  17:17  Zergling x10  
  200  17:26  Overseer  
  200  17:27  Baneling  
  200  17:28  Baneling x2  
  200  17:32  Nydus Network  
  196  17:39  Zergling x2  
  196  17:40  Zergling x10  
  196  17:43  Overseer  
  197  17:46  Baneling x3  
  197  17:49  Infestor  
  197  17:51  Hatchery  
  195  17:53  Infestor  
  195  17:55  Zergling x28  
  187  18:06  Zergling x2  
  187  18:07  Zergling x14  
  187  18:11  Zergling x4  
  181  18:18  Baneling x11  
  181  18:19  Zergling x12  
  170  18:20  Zergling x2  
  171  18:29  Hydralisk x9  
  171  18:31  Zergling x12  
  158  18:43  Hydralisk  
  158  18:44  Hydralisk x2  
  158  18:46  Lurker x6  
  170  18:49  Lurker x5  
  170  18:50  Baneling  
  170  18:51  Baneling x4  
  170  18:54  Lurker x4  
  169  18:55  Hydralisk  
  169  18:56  Hydralisk x2  
  167  19:05  Nydus Canal  
  167  19:07  Hydralisk x3  
  167  19:17  Zergling x14  
Tags
 
Add a new tag
Caveats
  • Supply blocks, unpowered buildings, or Contaminate may cause inaccurate times.
  • Supply counts are checked every 10 seconds.